 Dungeon Crawl Stone Soup version 0.29.0-4-gdea44cf6ec (webtiles) character file.

Game seed: 10915115946830351882

43 qw the Chopper (level 3, -7/21 HPs)
             Began as a Tengu Warper on Aug 28, 2022.
             Mangled by Terence
             ... wielding a +0 flail
              (13 damage)
             ... on level 2 of the Dungeon.
             The game lasted 00:00:07 (1621 turns).

qw the Chopper (Tengu Warper)                       Turns: 1621, Time: 00:00:07

Health: -7/21      AC:  3    Str: 13    XL:     3   Next: 58%
Magic:  7/7        EV: 12    Int: 13    God:
Gold:   34         SH:  0    Dex: 13    Spells: 6/6 levels left

rFire   . . .      SeeInvis .   Y - +1 hand axe
rCold   . . .      Faith    .   (no shield)
rNeg    . . .      Spirit   .   b - +0 leather armour
rPois   .          Reflect  .   (helmet restricted)
rElec   .          Harm     .   (no cloak)
rCorr   .          Rampage  .   (no gloves)
Will    .....                   (boots unavailable)
Stlth   +.........              (no amulet)
HPRegen 0.07/turn               (no ring)
MPRegen 0.10/turn               (no ring)

@: no status effects
A: beak, talons 3
a: no special abilities


You were on level 2 of the Dungeon.
You visited 1 branch of the dungeon, and saw 2 of its levels.

You collected 34 gold pieces.


Innate Abilities, Weirdness & Mutations

You have a beak for a mouth.
You have claws for feet.


   Skills:
 - Level 2.0 Fighting
 + Level 4.2 Axes
 - Level 1.0 Throwing
 - Level 1.1 Armour
 - Level 2.1 Dodging
 - Level 2.0 Spellcasting
 - Level 2.4 Translocations


You had 6 spell levels left.
You didn't know any spells.
Your spell library contained the following spells:

 Spells                   Type           Power      Damage    Failure   Level
 Blink                    Tloc           14%        N/A       19%         2
 Gell's Gravitas          Tloc           7%         N/A       36%         3
 Lesser Beckoning         Tloc           7%         N/A       36%         3
 Teleport Other           Tloc           7%         N/A       36%         3
 Manifold Assault         Tloc           7%         N/A       98%         5

Inventory:

Hand Weapons
 e - a +0 whip
 Y - a +1 hand axe (weapon)
Armour
 b - a +0 leather armour (worn)
Scrolls
 g - a scroll of teleportation
Potions
 h - a potion of magic {unknown}

Dungeon Overview and Level Annotations

Branches:
Dungeon (2/15)

Altars:

Annotations:
D:2 Terence


Message History

You claw the endoplasm, but do no damage.
You peck the endoplasm, but do no damage.
The endoplasm is severely wounded.
The endoplasm closely misses you. The endoplasm freezes you.
You are frozen.
You hit the endoplasm.
You kill the endoplasm!
You start resting.
HP restored.
Terence the Incautious comes into view.
He is wielding a +0 flail.
You hit Terence but do no damage. Terence hits you with a +0 flail!
You hit Terence.
Terence is moderately wounded.
Terence barely misses you.
You hit Terence but do no damage. Your peck misses Terence.
Terence is moderately wounded.
Terence hits you with a +0 flail.
You hit Terence but do no damage. Your kick misses Terence.
Your peck misses Terence.
Terence is moderately wounded.
Terence barely misses you.
You closely miss Terence. You peck Terence.
Terence is moderately wounded.
Terence closely misses you.
You hit Terence.
Terence is heavily wounded.
Terence misses you.
You hit Terence but do no damage.
Terence is heavily wounded.
Terence misses you.
You hit Terence. Your kick misses Terence. You peck Terence, but do no damage.
Terence is heavily wounded.
Terence hits you with a +0 flail.
You hit Terence. Your kick misses Terence.
Terence is severely wounded.
Terence closely misses you. Terence hits you with a +0 flail!
Ouch! That really hurt!
You die...

#.# ### # #.# #.. .. #.# #.#
#.. .. #.# #.# #..#.#.## #.#
#.# .........# #.####.####$##
... #. #.....@@...... ... #.
#............. #.###.
#.###..####..# #...# #.#
#..####..# ##..#
##.###...........####..#
#####...##..####..##........
...................#######..#
.#####...##..#####.# #...
......###.....##.# #.#.


You could see Terence.

Vanquished Creatures
  2 adders
  A dart slug (D:1)
  5 bats
  3 endoplasms
  A giant cockroach (D:1)
  4 hobgoblins (D:1)
  2 kobolds
  3 goblins
21 creatures vanquished.

Vanquished Creatures (others)
  A plant (D:1)
1 creature vanquished.

Grand Total: 22 creatures vanquished

Notes
Turn   | Place    | Note
-------+----------+-------------------------------------------
     0 | D:1      | qw the Tengu Warper began the quest for the Orb.
     0 | D:1      | Reached XP level 1. HP: 12/12 MP: 4/4
     0 | D:1      | 0 ||| qw: Version: 0.1-a-89-g26bdef1
     0 | D:1      | 0 ||| qw: Game counter: 798
     0 | D:1      | 0 ||| qw: Always use a shield: true
     0 | D:1      | 0 ||| qw: God list: Okawaru
     0 | D:1      | 0 ||| qw: Allow faded altars: false
     0 | D:1      | 0 ||| qw: Do Orc after D:15 true
     0 | D:1      | 0 ||| qw: Do second Lair branch before Depths: true
     0 | D:1      | 0 ||| qw: Lair rune preference: random
     0 | D:1      | 0 ||| qw: Plans: Normal
     0 | D:1      | 0 ||| PLANNING D:1-11
   256 | D:1      | Reached XP level 2. HP: 13/17 MP: 6/6
   336 | D:1      | Found a faded altar of an unknown god.
   350 | D:1      | Reached skill level 3 in Axes
  1250 | D:1      | 1250 ||| READING scroll labelled SOREFO BEK YCITO.
  1251 | D:1      | 1251 ||| READING scroll labelled EJUD NAECS.
  1252 | D:1      | 1252 ||| READING 2 scrolls labelled MUWOLOFOTY.
  1255 | D:1      | 1255 ||| READING scroll labelled HIRRYBEUNKE.
  1256 | D:1      | 1256 ||| DROPPING scroll of blinking.
  1291 | D:2      | 1291 ||| STAIRDANCE
  1296 | D:1      | Reached XP level 3. HP: 16/21 MP: 7/7
  1363 | D:2      | 1363 ||| STAIRDANCE
  1433 | D:2      | Reached skill level 4 in Axes
  1607 | D:2      | Noticed Terence
  1621 | D:2      | Mangled by Terence

Levels and vault maps discovered:
D:1:      minmay_arrival_nine_rooms, layout_basic,
          hellmonk_ecumenical_altar_crossroads, serial_forest,
          infiniplex_forest_join, infiniplex_forest_zigzag_2,
          infiniplex_forest_clump_large, infiniplex_forest_pool,
          infiniplex_forest_straight_2, infiniplex_forest_straight_5
D:2:      layout_loops_ring, basic_altar, minmay_small_reverse_x, uniq_terence

Skill      XL: |  1  2  3 |
---------------+----------+-----
Axes           | 3 4 |  4.2
Fighting       | |  2.0
Throwing       | |  1.0
Armour         | |  1.1
Dodging        | |  2.1
Spellcasting   | |  2.0
Translocations | |  2.4

Action                   || total
-------------------------++-------
Melee: Hand axe          ||    48
       Kick              ||    13
       Peck              ||    10
Throw: Boomerang         ||     7
  Use: Scroll            ||     4
 Stab: Sleeping          ||     1
Armor: Leather armour    ||     6
Dodge: Dodged            ||    21

Table legend:
 A = Non-vault XP
 B = Vault XP
 C = Vault XP percentage of total XP
 D = Non-vault monster count
 E = Vault monster count
 F = Vault count percentage of total count
                 A         B        C        D         E       F
            +---------+---------+-------+---------+---------+-------
      Total |      62 |       0 |   0.0 |      21 |       0 |   0.0
            +---------+---------+-------+---------+---------+-------
        D:1 |      42 |       0 |   0.0 |      16 |       0 |   0.0
        D:2 |      20 |       0 |   0.0 |       5 |       0 |   0.0
            +---------+---------+-------+---------+---------+-------
